 Dungeon Crawl Stone Soup version 0.29.1-15-g9cfb28693d (webtiles) character file.

Game seed: 2165431176089964765

1108 croobank the Covert (level 8, -17/54 HPs)
             Began as an Octopode Delver on Mar 16, 2023.
             Was a Follower of Vehumet.
             Shot with a bolt by an orc warrior (27 damage)
             ... on level 6 of the Dungeon.
             The game lasted 00:17:36 (5282 turns).

croobank the Covert (Octopode Delver)               Turns: 5282, Time: 00:17:37

Health: -17/54     AC:  1    Str: 11    XL:     8   Next: 33%
Magic:  18/20      EV: 14    Int: 14    God:    Vehumet [*.....]
Gold:   335        SH:  0    Dex: 14    Spells: 7/12 levels left

rFire   . . .      SeeInvis +   l - +0 dagger
rCold   . . .      Faith    .   (no shield)
rNeg    . . .      Spirit   .   (helmet restricted)
rPois   .          Reflect  .   q - amulet of regeneration
rElec   .          Harm     .   C - ring of see invisible
rCorr   .          Rampage  .   F - ring of magical power
Will    .....                   (no ring)
Stlth   +++++.....              (no ring)
HPRegen 0.98/turn               (no ring)
MPRegen 0.17/turn               (no ring)
                                (no ring)
                                (no ring)

@: no status effects
A: almost no armour, amphibious, 8 rings, camouflage 1, gelatinous body 1,
(nimble swimmer 1), tentacles
a: Renounce Religion


You were on level 6 of the Dungeon.
You worshipped Vehumet.
Vehumet was aware of your devotion.
You visited 1 branch of the dungeon, and saw 6 of its levels.

You collected 335 gold pieces.

Inventory:

Hand Weapons
 a - a +0 hand axe
 c - a +0 flail
 h - a +0 spear
 l - a +0 dagger (weapon)
 v - a +0 short sword
 B - a +0 long sword
Missiles
 n - 2 curare-tipped darts (quivered)
 t - 7 boomerangs
Jewellery
 q - an amulet of regeneration (around mantle)
 C - a ring of see invisible (left tentacle)
 F - a ring of magical power (right tentacle)
Wands
 f - a wand of digging (2)
 D - a wand of flame (15)
Scrolls
 b - 3 scrolls of fog
 m - 2 scrolls of immolation
 p - 2 scrolls of teleportation
 r - a scroll of poison {unknown}
 u - 3 scrolls of identify {unknown}
 x - a scroll of vulnerability {unknown}
 y - a scroll of enchant armour {unknown}
 A - a scroll of magic mapping
Potions
 e - a potion of haste
 g - a potion of curing
 j - a potion of resistance {unknown}
 k - a potion of flight {unknown}
 o - a potion of degeneration {unknown}
 s - a potion of lignification {unknown}
 w - 3 potions of heal wounds {unknown}
 z - a potion of invisibility {unknown}
 E - a potion of ambrosia {unknown}


   Skills:
 + Level 4.8 Fighting
 + Level 4.3 Axes
 + Level 4.2 Dodging
 + Level 8.7 Stealth
 + Level 2.5 Spellcasting
 + Level 3.0 Translocations
 + Level 2.4 Transmutations
 + Level 1.2 Earth Magic


You had 7 spell levels left.
You knew the following spells:

 Your Spells              Type           Power      Damage    Failure   Level
a - Blink                 Tloc           20%        N/A       10%         2
b - Wereblood             Tmut           8%         N/A       13%         2
c - Sandblast             Erth           10%        2d5       13%         1

Your spell library contained the following spells:

 Spells                   Type           Power      Damage    Failure   Level
 Lesser Beckoning         Tloc           10%        N/A       21%         3
 Sublimation of Blood     Necr           1%         N/A       34%         2
 Manifold Assault         Tloc           10%        N/A       88%         5
 Summon Hydra             Summ           0%         N/A       100%        7


Dungeon Overview and Level Annotations

Branches:
Dungeon (6/15)             Temple (0/1) D:6

Altars:
Cheibriados
Gozag
Uskayaw
Vehumet
Wu Jian

Shops:
D:5 :

Annotations:
D:2 1 runed translucent door, Crazy Yiuf


Innate Abilities, Weirdness & Mutations

You cannot wear most types of armour.
You are amphibious.
You can wear up to eight rings at the same time.
Your skin changes colour to match your surroundings (Stealth+).
Your rubbery body absorbs attacks. (AC +1, EV +1)
((You are camouflaged when in or above water. (Stealth+)))
You have tentacles for arms and can constrict up to eight enemies at once.


Message History

Press: ? - help, Q - select action, (/) - cycle Shift-Dir - straight line, f/p - orc warrior
Aim: an orc warrior, wielding a +0 scimitar of electrocution and wearing a +0 plate armour (severely wounded, constricted by you, 90% to hit, chance to blind on hit: 80%)
You throw an atropa-tipped dart.
The atropa-tipped dart hits the orc warrior.
The orc warrior resists.
The orc warrior is severely wounded.
You constrict the orc warrior, but do no damage.
The orc warrior misses you.
Throw: dart (atropa)
Press: ? - help, Q - select action, (/) - cycle Shift-Dir - straight line, f/p - orc warrior
Aim: an orc warrior, wielding a +0 scimitar of electrocution and wearing a +0 plate armour (severely wounded, constricted by you, 90% to hit, chance to blind on hit: 80%)
You throw an atropa-tipped dart.
The atropa-tipped dart hits the orc warrior.
The orc warrior appears confused.
The orc warrior is severely wounded.
You constrict the orc warrior, but do no damage.
The orc warrior completely misses you.
You feel better.
You constrict the orc warrior.
The orc warrior seems less confused.
The orc warrior misses you.
You completely miss the orc warrior.
The orc warrior is severely wounded.
You constrict the orc warrior.
The orc warrior escapes!
The orc shouts!
You barely miss the orc.
The orc wizard shouts!
Your grab misses the orc. You squeeze the orc, but do no damage.
The orc warrior is no longer blind.
The orc barely misses you.
The orc warrior unwields a +0 scimitar of electrocution.
It stops crackling.
The orc warrior wields a +0 arbalest.
The orc warrior shoots a bolt.
The bolt hits you!!
* * * LOW HITPOINT WARNING * * *
You hear a shout!
As you read the scroll of fear, it crumbles to dust.
You assume a fearsome visage.
The orc warrior looks frightened!
The orc looks frightened!
The orc wizard looks frightened!
The orc wizard gestures wildly while chanting.
The orc wizard flickers and vanishes for a moment.
The orc warrior shoots a bolt.
The bolt hits you!!
Ouch! That really hurt!
You die...

##### ##......# #.#.# #.#.#
##...## #......# #.#.# #.#.#
##..#..###......# #o#.# #.#.#
##...#...........###.#.#####.#<#
##...###...##.....(....o......###
#...........##..##....#.#####.# #
...#.....#...#..#..####.# #.# #
.###..>..###.#....#####.# ##'###
...#.....#...#.#@.......# #.....
#...............######### #.....
#....###........# #.....
#.....#.........# #.....
#.##..#.........# #.....
#..##...........# #.....
##..###.........############.≈≈≈≈
##.........[................≈...
############'#############.≈.♣♣


You could see an orc warrior.

Vanquished Creatures
  A water moccasin (D:6)
  A black bear (D:5)
  2 ogres (D:5)
  A bullfrog (D:6)
  A scorpion (D:4)
  An orc priest (D:4)
  3 jellies
  Jessica (D:2)
  A gnoll bouda (D:6)
  Ijyb (D:4)
  Terence (D:2)
  An orc wizard (D:6)
  Natasha (thrice) (D:3)
  An iguana (D:5)
  10 adders
  7 gnolls
  A shadow imp (D:5)
  An ufetubus (D:6)
  3 worms
  3 dart slugs
  9 orcs
  6 endoplasms
  4 giant cockroaches
  6 goblins
  7 hobgoblins
  8 jackals
  2 kobolds
  A quokka (D:2)
  10 ball pythons
  4 bats
  4 frilled lizards
  9 rats
114 creatures vanquished.

Vanquished Creatures (others)
  A fungus (D:1)
  2 plants (D:1)
3 creatures vanquished.

Grand Total: 117 creatures vanquished

Notes
Turn   | Place    | Note
-------+----------+-------------------------------------------
     0 | D:5      | croobank the Octopode Delver began the quest for the Orb.
     0 | D:5      | Reached XP level 1. HP: 16/16 MP: 1/1
     7 | D:6      | Noticed a water moccasin
    27 | D:6      | Found a hide-covered altar of Uskayaw.
    76 | D:6      | Reached XP level 2. HP: 15/21 MP: 2/2
   167 | D:5      | Noticed a black bear
   245 | D:5      | Reached XP level 3. HP: 15/26 MP: 3/3
   413 | D:5      | Found Iptuutyli's Book Boutique.
   597 | D:5      | Reached skill level 7 in Stealth
   652 | D:5      | Noticed an ogre
   744 | D:3      | Noticed Natasha
   750 | D:3      | Killed Natasha
   751 | D:3      | Reached XP level 4. HP: 31/31 MP: 4/4
   784 | D:2      | Found a runed translucent door.
   785 | D:2      | Noticed Crazy Yiuf
  1139 | D:1      | Learned a level 2 spell: Blink
  1259 | D:1      | Found a faded altar of an unknown god.
  1750 | D:2      | Reached XP level 5. HP: 33/37 MP: 5/5
  1883 | D:2      | Noticed Terence
  1892 | D:2      | Killed Terence
  1909 | D:2      | Noticed Jessica
  1918 | D:2      | Killed Jessica
  1919 | D:2      | Reached skill level 1 in Translocations
  2324 | D:2      | Reached skill level 1 in Spellcasting
  2402 | D:2      | Reached XP level 6. HP: 43/43 MP: 7/7
  2846 | D:3      | Noticed Natasha
  2860 | D:3      | Killed Natasha
  2866 | D:3      | Found an ornate altar of the Wu Jian Council.
  2990 | D:3      | Learned a level 2 spell: Wereblood
  3009 | D:3      | Found a radiant altar of Vehumet.
  3031 | D:3      | Became a worshipper of Vehumet
  3076 | D:3      | Noticed Natasha
  3090 | D:3      | Killed Natasha
  3158 | D:3      | Found an opulent altar of Gozag.
  3241 | D:3      | Found a snail-covered altar of Cheibriados.
  3394 | D:4      | Noticed Ijyb
  3407 | D:4      | Killed Ijyb
  3664 | D:4      | Reached skill level 8 in Stealth
  3664 | D:4      | Reached skill level 1 in Transmutations
  3664 | D:4      | Reached XP level 7. HP: 17/48 MP: 9/9
  3789 | D:4      | Reached * piety under Vehumet
  3789 | D:4      | Offered knowledge of Sandblast by Vehumet.
  4020 | D:4      | Identified the +4 chain mail "Ulanik" {Int+3}
  4433 | D:5      | Learned a level 1 spell: Sandblast
  4848 | D:6      | Reached XP level 8. HP: 26/54 MP: 11/11
  4903 | D:6      | Reached skill level 1 in Earth Magic
  5014 | D:6      | Found a staircase to the Ecumenical Temple.
  5089 | D:6      | Noticed a yak
  5089 | D:6      | Noticed a yak
  5089 | D:6      | Noticed a yak
  5282 | D:6      | Shot with a bolt by an orc warrior

Illustrated notes

Levels and vault maps discovered:
D:1:      minmay_arrival_cross, layout_loops_ring,
          dreamdust_ecumenical_altar_grove, serial_bayou_pond_e, minivault_11
D:2:      layout_loops_corners, uniq_jessica, uniq_terence,
          uniq_crazy_yiuf_cottage
D:3:      layout_basic, lemuel_doored_altar, general_overflow_altar,
          nicolae_vehumet_radiance, nicolae_gozag_seed_capital, uniq_natasha
D:4:      layout_loops_ring, uniq_ijyb
D:5:      layout_basic, serial_shops,
          nicolae_shop_temple_entry_statues_fountains,
          chequers_serial_rivers_marsh, nicolae_hexahallways,
          minmay_misc_feat_cross, minivault_23
D:6:      layout_basic, mainiacjoe_overflow_brackets, minmay_temple_entry_tees

Skill      XL: |  1  2  3  4  5  6  7  8 |
---------------+-------------------------+-----
Stealth        | 7 8 |  8.7
Axes           | 3 4 |  4.3
Dodging        | 3 4 |  4.2
Translocations | 1 2 3 |  3.0
Spellcasting   | 1 2 |  2.5
Fighting       | 4 |  4.8
Transmutations | 1 2 |  2.4
Earth Magic    | 1 |  1.2

Action                   |  1- 3 |  4- 6 |  7- 9 || total
-------------------------+-------+-------+-------++-------
Melee: Hand axe          |    17 |   171 |    69 ||   257
       Tentacles         |     6 |    44 |    32 ||    82
       Constrict         |     4 |    43 |    23 ||    70
       Punch             |       |     3 |     1 ||     4
       Dagger            |       |       |    35 ||    35
Throw: Dart              |     4 |     6 |    11 ||    21
 Cast: Sandblast         |       |       |     2 ||     2
       Wereblood         |       |       |     2 ||     2
Evoke: Wand              |     1 |       |     1 ||     2
  Use: Scroll            |     1 |       |     4 ||     5
       Potion            |       |     1 |     3 ||     4
 Stab: Sleeping          |     3 |    30 |     9 ||    42
       Invisible         |     1 |       |       ||     1
       Confused          |       |       |     1 ||     1
Armor: Skin              |       |    12 |     2 ||    14
Dodge: Dodged            |     9 |   105 |    83 ||   197
